 Dungeon Crawl Stone Soup version 0.17-a0-2098-gf59d6bc (webtiles) character file.

429 derrpe the Chiller (level 6, -6/41 HPs)
             Began as an Octopode Ice Elementalist on Oct 17, 2015.
             Mangled by an ogre
             ... wielding a +0 giant spiked club
              (21 damage)
             ... on level 5 of the Dungeon.
             The game lasted 00:10:25 (4811 turns).

derrpe the Chiller (Octopode Ice Elementalist)      Turns: 4811, Time: 00:10:25

Health: -6/41      AC:  1    Str:  9    XL:     6   Next: 98%
Magic:  5/9        EV: 13    Int: 20    God:
Gold:   149        SH:  0    Dex: 15    Spells: 3 memorised, 2 levels left

rFire  . . .     SeeInvis .     j - +1 dagger (elec)
rCold  . . .     Clarity  .     (no shield)
rNeg   . . .     SustAt   .     (helmet restricted)
rPois  .         Gourm    .     y - amulet of rage
rElec  .         Spirit   .     h - +2 ring of strength
rCorr  .         Warding  .     C - +3 ring of dexterity
rMut   .         Stasis   .     (no ring)
MR     .....                    (no ring)
Stlth  +++.......               (no ring)
                                (no ring)
                                (no ring)
                                (no ring)

@: very slightly contaminated, not resistant to hostile enchantments, fairly
stealthy
A: almost no armour, amphibious, 8 rings, constrict 8, camouflage 1, gelatinous
body 1
a: Evoke Berserk Rage


You were on level 5 of the Dungeon.
You were hungry.

You visited 1 branch of the dungeon, and saw 5 of its levels.

You collected 149 gold pieces.

Inventory:

Hand Weapons
 b - a +0 hunting sling
 j - a +1 dagger of electrocution (weapon)
 n - a +0 arbalest
Missiles
 d - 58 stones
 i - 18 arrows of frost
 t - 18 arrows
 v - 3 tomahawks (quivered)
Jewellery
 h - a +2 ring of strength (left tentacle)
 m - an uncursed amulet of stasis
 y - an amulet of rage (around mantle)
 C - a +3 ring of dexterity (right tentacle)
Wands
 a - a wand of digging (11)
 u - a wand of slowing (20)
 w - a wand of frost (31)
Scrolls
 o - a scroll of enchant weapon {unknown}
 p - a scroll of enchant armour {unknown}
 q - 5 scrolls of identify
 s - 3 scrolls of teleportation
 x - a scroll of recharging {unknown}
 z - a scroll of fear {unknown}
Potions
 k - 4 potions of haste {unknown}
 l - a potion of beneficial mutation {unknown}
 r - a potion of agility {unknown}
Books
 g - a book of Frost

   Spells                             Type                      Level
   a - Freeze                         Ice                          1
   b - Throw Frost                    Conjuration/Ice              2
   c - Ozocubu's Armour               Charms/Ice                   3
   d - Throw Icicle                   Conjuration/Ice              4
   e - Summon Ice Beast               Ice/Summoning                4
   f - Condensation Shield            Ice                          4
 B - a book of Dreams

   Spells                             Type                      Level
   a - Ensorcelled Hibernation        Hexes/Ice                    2
   b - Phase Shift                    Translocation                5
   c - Shadow Creatures               Summoning                    5
   d - Silence                        Hexes/Air                    5
   e - Darkness                       Hexes                        6
   f - Mass Confusion                 Hexes                        6
Comestibles
 c - 2 beef jerkies
 e - 4 bread rations {@e1}
 f - a meat ration {@e2}
 A - 3 fruits


   Skills:
 + Level 2.5 Fighting
 + Level 3.5 Dodging
 - Level 2.6 Stealth
 - Level 2.0 Spellcasting
   Level 1.0 Conjurations
 * Level 3.1 Summonings
 * Level 5.3 Ice Magic


You had 2 spell levels left.
You knew the following spells:

 Your Spells              Type           Power        Failure   Level  Hunger
a - Freeze                Ice            ###.         1%          1    #......
b - Summon Ice Beast      Ice/Summ       ###.....     30%         4    #####..
c - Ensorcelled Hibernat  Hex/Ice        ##....       10%         2    ##.....


Dungeon Overview and Level Annotations

Branches:
Dungeon (5/15)
 Temple: D:4-7

Altars:
Dithmenos
Trog


Innate Abilities, Weirdness & Mutations

You cannot wear most types of armour.
You are amphibious.
You can wear up to eight rings at the same time.
You can use your tentacles to constrict eight enemies at once.
Your skin changes colour to match your surroundings (Stealth).
Your rubbery body absorbs attacks (AC +1).


Message History

Confirm with . or Enter, or press ? or * to list all spells.
Aiming: Ensorcelled Hibernation
Press: ? - help, Shift-Dir - straight line, f - ogre
Aim: an ogre, wielding a giant spiked club (chance to defeat MR: 43%)
The ogre looks drowsy...
The helpless ogre fails to defend itself.
You puncture the ogre!
The ogre is moderately wounded.
The ogre hits you with a giant spiked club!!
You hit the ogre.
The ogre is heavily wounded.
The ogre hits you with a giant spiked club!
Casting: Ensorcelled Hibernation
Confirm with . or Enter, or press ? or * to list all spells.
You miscast Summon Ice Beast.
You are very lightly contaminated with residual magic.
You feel a strange surge of energy!
The ogre hits you with a giant spiked club!!
Ouch! That really hurt!
You die...

#.#..##.....)/...#
#########.#..........######
#.............##.##.......#
#.......##.##.#...#.......#
#.......#...#.............#
#.................#.......#
#.......#.....#..##.......#
#.......##..###...........#
######.......###@.##......#
#### ###.##..#.O...#......#
...#####.#................#
...............#...#......#
.........#...#.##.##.#.####
##.....#.##.##.......#.#
#.....#.......#..#.##.#
#.........###...>#....#
#.....##### #.#..#.####


You could see an ogre.

Vanquished Creatures
  A centaur zombie (D:5)
  Crazy Yiuf (D:3)
  An orc priest (D:5)
  Jessica (D:2)
  A worker ant (D:4)
  4 orc wizards
  A hound skeleton (D:5)
  9 adders
  3 worms
  14 orcs
  A ball python (D:1)
  2 giant cockroaches (D:3)
  8 goblins
  6 hobgoblins
  5 jackals
  17 bats
  3 giant geckos
  10 giant newts
  6 kobolds
  2 quokkas
  14 rats
110 creatures vanquished.

Notes
Turn   | Place    | Note
--------------------------------------------------------------
     0 | D:1      | derrpe the Octopode Ice Elementalist began the quest for the Orb.
     0 | D:1      | Reached XP level 1. HP: 11/11 MP: 3/3
   312 | D:1      | Reached XP level 2. HP: 16/18 MP: 5/5
   427 | D:1      | Reached skill level 1 in Fighting
   534 | D:1      | Reached XP level 3. HP: 23/23 MP: 6/6
  1197 | D:2      | Reached skill level 4 in Ice Magic
  1325 | D:2      | Noticed Jessica
  1331 | D:2      | Killed Jessica
  1331 | D:2      | Reached XP level 4. HP: 28/28 MP: 7/7
  1353 | D:2      | Learned a level 4 spell: Summon Ice Beast
  1908 | D:2      | Reached skill level 1 in Summonings
  2112 | D:2      | Reached XP level 5. HP: 31/34 MP: 6/8
  3123 | D:3      | Found a faded altar to an unknown god.
  3466 | D:3      | Noticed Crazy Yiuf
  3481 | D:3      | Killed Crazy Yiuf
  3481 | D:3      | Reached XP level 6. HP: 39/39 MP: 4/9
  3620 | D:3      | Found a bloodstained altar of Trog.
  3846 | D:4      | Reached skill level 5 in Ice Magic
  4052 | D:4      | Found a shadowy altar of Dithmenos.
  4400 | D:5      | Entered Level 5 of the Dungeon
  4755 | D:5      | Learned a level 2 spell: Ensorcelled Hibernation
  4811 | D:5      | Mangled by an ogre

Vault maps used:
D:1:      onia_arrival_pyramid
D:2:      first_bread, kennysheep_jessica_study
D:3:      lemuel_crystal_altar, ecumenical_altar_1, uniq_crazy_yiuf_cottage
D:4:      nicolae_dithmenos_shadow_blocks, kennysheep_generic_room_4
D:5:      minmay_misc_feat_pillars, hangedman_decor_clover_reticule

Action                   |  1- 3 |  4- 6 || total
-------------------------+-------+-------++-------
Melee: Short sword       |    49 |   105 ||   154
       Unarmed           |     2 |       ||     2
       Dagger            |       |    51 ||    51
Throw: Stone             |     1 |   116 ||   117
       Tomahawk          |       |    18 ||    18
 Cast: Freeze            |    12 |     8 ||    20
       Summon Ice Beast  |       |     1 ||     1
       Ensorcelled Hiber |       |     1 ||     1
  Use: Scroll            |     4 |     3 ||     7
       Potion            |       |     4 ||     4
 Stab: Sleeping          |     6 |     5 ||    11
  Eat: Chunk             |     1 |    11 ||    12
